AoeStats
← vikman85

Arena

509732269Analyzed
4v4 RM · 3d ago on Sep 27, 2026· 38m 46s· 8 players
Game mode
Random Map
Map size
Large (8 player)
Population
200
Speed
Normal
Resources
Standard
Victory
Conquest
Starting age
Dark Age
Ending age
Imperial Age
RankedLock teamsTeams togetherTeam positionsShared explorationLock speedFull tech treeHidden civsTurbo modeCheats
Victory
Defeat
🇷🇺 Persians · Russia
1266
+11
1244
+12
🇹🇷 Malians · Türkiye
1232
+13
🇦🇷 Spanish · Argentina
1213
+14
🇪🇸 Byzantines · Spain
1239
-16
🇪🇸 Varangians · Spain
1184
-13
🇪🇸 Bohemians · Spain
1178
-13
🇪🇸 Italians · Spain
1049
-8
edelaze
10:51 Feudal Age
12:24 Horse Collar
13:24 Loom
16:32 Castle Age
17:08 Double-Bit Axe
18:11 Bow Saw
21:20 Wheelbarrow
21:20 Heavy Plow
22:27 Hand Cart
22:24 Scale Barding Armor
23:32 Gold Mining
24:15 Chain Barding Armor
24:41 Forging
26:28 Gold Shaft Mining
26:19 Stone Mining
28:17 Stone Shaft Mining
27:33 Town Watch
30:38 Imperial Age
29:08 Iron Casting
29:12 Husbandry
30:26 Bloodlines
30:39 Cavalier
32:29 Chemistry
32:31 Plate Barding Armor
32:57 Blast Furnace
32:59 Conscription
32:48 Savar
38:46 Fletching
38:57 Padded Archer Armor
39:01 Town Patrol
39:33 Crop Rotation
40:06 Two-Man Saw
39:34 Ballistics
39:26 Masonry
39:28 Guilds
okHadi
11:08 Feudal Age
17:02 Castle Age
18:31 Wheelbarrow
19:06 Double-Bit Axe
21:23 Padded Archer Armor
27:22 Horse Collar
28:49 Leather Archer Armor
28:45 Forging
28:56 Loom
29:23 Bloodlines
31:10 Hand Cart
34:00 Imperial Age
31:57 Husbandry
34:13 Onager
34:58 Gold Mining
36:01 Thumb Ring
37:43 Heavy Mounted Crossbowman
a.tarikcam
11:11 Feudal Age
14:56 Castle Age
14:50 Scale Mail Armor
14:46 Man-at-Arms
16:26 Horse Collar
17:55 Long Swordsman
19:04 Arson
20:23 Chain Mail Armor
26:03 Loom
26:57 Forging
30:55 Squires
33:43 Iron Casting
32:35 Pikeman
36:12 Imperial Age
34:40 Gold Mining
36:20 Two-Handed Swordsman
37:32 Plate Mail Armor
38:38 Wheelbarrow
39:12 Chemistry
タタールが村に入った5番
10:44 Feudal Age
14:37 Castle Age
13:11 Loom
14:01 Double-Bit Axe
14:49 Light Cavalry
21:59 Horse Collar
24:06 Wheelbarrow
25:13 Scale Barding Armor
25:18 Forging
29:12 Imperial Age
27:07 Husbandry
27:18 Bloodlines
28:50 Chain Barding Armor
29:15 Iron Casting
29:39 Hussar
30:32 Heavy Plow
31:59 Plate Barding Armor
33:16 Blast Furnace
33:02 Elite Steppe Lancer
38:36 Stone Mining
38:42 Gold Mining
39:24 Crop Rotation
vikman85
10:14 Feudal Age
14:29 Castle Age
12:54 Double-Bit Axe
14:01 Horse Collar
21:50 Wheelbarrow
21:41 Bow Saw
22:04 Heavy Plow
23:33 Hand Cart
25:33 Stone Mining
25:33 Gold Mining
29:28 Imperial Age
26:48 Loom
27:13 Fletching
28:14 Bodkin Arrow
34:20 Squires
33:41 Pikeman
34:06 Arson
34:07 Gambesons
34:24 Scale Mail Armor
34:34 Forging
34:31 Scale Barding Armor
34:50 Conscription
35:14 Ballistics
36:28 Gold Shaft Mining
35:25 Halberdier
36:24 Chain Mail Armor
DK_rudyairlines
10:43 Feudal Age
9:30 Loom
9:36 Loom
15:31 Castle Age
14:48 Horse Collar
14:55 Double-Bit Axe
17:46 Bow Saw
30:10 Imperial Age
27:43 Treadmill Crane
29:18 Wheelbarrow
28:28 Town Watch
28:57 Scale Barding Armor
29:03 Forging
31:21 Chain Barding Armor
34:39 Iron Casting
34:40 Plate Barding Armor
35:56 Two-Man Saw
36:56 Blast Furnace
36:32 Hand Cart
36:42 Elite Jarl
38:41 Conscription
38:16 Fletching
dalogax
10:37 Feudal Age
14:30 Castle Age
14:48 Double-Bit Axe
17:10 Loom
18:32 Town Watch
20:17 Fletching
31:34 Wheelbarrow
31:19 Horse Collar
35:40 Imperial Age
35:54 Padded Archer Armor
35:43 Crossbowman
VimaraPeres
10:52 Feudal Age
14:46 Castle Age
12:54 Double-Bit Axe
13:45 Loom
13:48 Horse Collar
15:43 Bow Saw
17:50 Town Watch
20:28 Fletching
20:54 Heavy Plow
24:03 Fervor
25:55 Ballistics
26:17 Pikeman
27:42 Bodkin Arrow
27:47 Padded Archer Armor
27:58 Forging
27:38 Elite Skirmisher
29:20 Wheelbarrow
30:01 Chemistry
29:07 Scale Mail Armor
29:26 Leather Archer Armor
30:33 Squires
31:17 Iron Casting
31:58 Scale Mail Armor
35:28 Imperial Age
33:16 Hand Cart
34:47 Chain Mail Armor
36:40 Conscription
Connection lost

Rejoining the realm…

Still unreachable

The connection could not be restored.

Session expired

The server has moved on; the page needs a fresh start.